 Dungeon Crawl Stone Soup version 0.23-a0-29-g1be82e5 (webtiles) character file.

12336 jjfam the Blocker (level 11, 0/106 HPs)
             Began as a Deep Dwarf Fighter on Aug 3, 2018.
             Was a Priest of Makhleb.
             Slain by a killer bee (7 damage)
             ... on level 11 of the Dungeon.
             The game lasted 00:37:08 (9125 turns).

jjfam the Blocker (Deep Dwarf Fighter)              Turns: 9125, Time: 00:37:09

Health: 0/106      AC: 19    Str: 20 (23) XL:     11   Next: 61%
Magic:  0/0        EV:  8    Int:  6 (8)  God:    Makhleb [***...]
Gold:   516        SH: 13    Dex: 11 (12) Spells: 10/10 levels left

rFire    + . .     SeeInvis .   v - +7 whip of Destruction {slash, rN+ Str-4 Stlth+}
rCold    . . .     Gourm    .   c - +1 shield
rNeg     + . .     Faith    .   E - +4 chain mail "Jarghyl" {rElec Str+5 Int-2}
rPois    .         Spirit   .   g - +2 hat
rElec    +         Reflect  .   B - scarf {repulsion}
rCorr    .         Harm     +   (no gloves)
MR       ++...                  t - +0 pair of boots
Stlth    ..........             u - amulet of harm
HPRegen  0.00/turn              o - ring of protection from magic
MPRegen  0.07/turn              H - +4 ring of slaying

@: lethally poisoned (0 -> 0), non-regenerating, repel missiles
A: damage resistance, heal wounds, antennae 1, blurry vision 1, fire resistance
1, sense surroundings 2, no regeneration
a: Heal Wounds, Minor Destruction, Lesser Servant of Makhleb, Renounce Religion


You were on level 11 of the Dungeon.
You worshipped Makhleb.
Makhleb was most pleased with you.
You were hungry.

You visited 2 branches of the dungeon, and saw 12 of its levels.

You collected 516 gold pieces.

Inventory:

Hand Weapons
 a - a +1 war axe
 v - the +7 whip of Destruction (weapon) {slash, rN+ Str-4 Stlth+}
   (You found it on level 5 of the Dungeon)

   It inflicts extra damage upon your enemies.
   It affects your strength (-4).
   It protects you from negative energy.
   It makes you more stealthy.
Armour
 c - a +1 shield (worn)
 g - a +2 hat (worn)
 t - a +0 pair of boots (worn)
 B - a scarf of repulsion (worn)
 D - a +1 plate armour of fire resistance
 E - the +4 chain mail "Jarghyl" (worn) {rElec Str+5 Int-2}
   (You found it on level 7 of the Dungeon)

   It affects your strength (+5).
   It affects your intelligence (-2).
   It insulates you from electricity.
Jewellery
 n - a +4 ring of protection {unknown}
 o - a ring of protection from magic (left hand)
 u - an amulet of harm (around neck)
 w - an uncursed ring of flight
 C - an uncursed ring of protection from magic
 H - a +4 ring of slaying (right hand)
Wands
 q - a wand of disintegration (11)
 A - a wand of random effects (27)
Scrolls
 b - a scroll of identify
 h - a scroll of enchant weapon
 i - 2 scrolls of amnesia
 l - a scroll of silence {unknown}
 s - a scroll of teleportation
 x - a scroll of remove curse
 y - a scroll of magic mapping {unknown}
Potions
 d - 3 potions of might
 e - a potion of curing
 j - 3 potions of flight
 k - a potion of ambrosia {unknown}
 m - 3 potions of mutation
 r - a potion of berserk rage {unknown}
 z - a potion of brilliance
Miscellaneous
 I - a phantom mirror
Comestibles
 f - 28 rations
 p - 5 chunks of flesh


   Skills:
 * Level 9.1 Fighting
 - Level 8.5(9.4) Axes
 + Level 5.5(7.5) Maces & Flails
 * Level 10.2 Armour
 - Level 2.0 Dodging
 - Level 0.1 Stealth
 * Level 10.9 Shields
 - Level 1.5 Evocations


You had 10 spell levels left.
You didn't know any spells.
Your spell library contained the following spells:

 Spells                   Type           Power        Failure   Level  Hunger
 Fireball                 Conj/Fire      #.........   100%        5    ######.
 Bolt of Fire             Conj/Fire      #.........   100%        6    #######
 Flame Tongue             Conj/Fire      #....        99%         1    ##.....
 Inner Flame              Hex/Fire       #.......     100%        3    ####...
 Borgnjor's Vile Clutch   Necr/Erth      #.........   100%        5    ######.


Dungeon Overview and Level Annotations

Branches:
Dungeon (11/15)            Temple (1/1) D:4            Lair (0/6) D:10
    Orc (0/2) D:10

Altars:
Ashenzari
Cheibriados
Dithmenos
Elyvilon
Fedhas
Gozag
Hepliaklqana
Kikubaaqudgha
Makhleb
Nemelex Xobeh
Okawaru
Qazlal
Ru
Sif Muna
Trog
Uskayaw
Vehumet
Wu Jian
Xom
Yredelemnul
Zin
The Shining One
Beogh

Shops:
D:5 [   D:6 }   D:10 *


Innate Abilities, Weirdness & Mutations

You are resistant to damage.
You can heal yourself by infusing magical energy.
You passively map the area around you.
You do not regenerate.
You have a pair of small antennae on your head.
Scrolls take you a little longer to read.
Your flesh is heat resistant. (rF+)


Message History

A killer bee comes into view. x2
The killer bee moves out of view.
A killer bee comes into view.
You see here a killer bee corpse.
The killer bee stings you but does no damage.
You whack the killer bee!
You kill the killer bee!
Makhleb accepts your kill.
You feel better.
You see here a killer bee corpse.
You see here a killer bee corpse.
A killer bee comes into view.
A killer bee comes into view.
The killer bee buzzes angrily.
You hear an angry buzzing noise. x3
A killer bee comes into view. x2
The killer bee moves out of view.
You hear an angry buzzing noise. x2
Found a potion of curing.
The killer bee stings you!
You die...

#.. ,, #######
#.###.# ** * #...<.#
#.....# , ,* #####.#
###.##### ,, , , #.#
#.'.÷.#.# * ,,, *
*,#.####.###†#†# ,,
, , #.'†...#
#.†.####.# , * *
#.######,###.'....#,
, ,* #.# , #@######,
,,, **#.# * #y# ,, ,
..# #...# * , * ###
#..## ** * ** * ##.*
*,, ,.y * * *, .y. *
* + ..., ,,,,, ,,
!..y , ,


You could see 3 killer bees.

Vanquished Creatures
  Gastronok (D:8)
  A two-headed ogre (D:8)
  An ugly thing (D:7)
  A cyclops (D:7)
  A deep elf mage (D:7)
  Joseph (D:8)
  A centaur skeleton (D:9)
  A gargoyle (D:7)
  2 trolls
  2 hippogriffs (D:7)
  Sigmund (D:2)
  A wraith (D:7)
  A wyvern (D:9)
  A human (D:8)
  4 hogs (D:8)
  2 wargs (D:10)
  A water moccasin (D:7)
  3 orc warriors
  4 sky beasts
  2 black bears
  3 phantoms
  8 ogres
  9 centaurs
  Blork the orc (D:5)
  A big kobold (D:10)
  3 bullfrogs
  A wyvern zombie (D:9)
  A gnoll sergeant (D:10)
  A wyvern skeleton (D:10)
  A scorpion (D:10)
  9 killer bees (D:11)
  10 howler monkeys
  An electric eel (D:10)
  3 crimson imps
  2 quasits
  3 bullfrog zombies
  2 centaur zombies
  3 hounds
  A bullfrog skeleton (D:7)
  A jelly (D:6)
  11 orc wizards
  A gnoll shaman (D:10)
  7 orc priests
  Jessica (D:2)
  Ijyb (D:3)
  4 iguanas
  5 worker ants
  2 hound zombies
  A hound skeleton (D:9)
  22 gnolls
  18 adders
  An adder skeleton (D:4)
  2 worms (D:2)
  2 dart slugs (D:3)
  6 leopard geckos
  21 orcs
  5 ball pythons
  8 bats
  8 giant cockroaches
  8 goblins
  4 hobgoblins
  16 jackals
  16 kobolds
  A quokka (D:4)
  4 frilled lizards
  A leopard gecko zombie (D:5)
  A quokka zombie (D:9)
  3 rats
276 creatures vanquished.

Vanquished Creatures (collateral kills)
  An orc wizard (D:10)
  A kobold (D:10)
2 creatures vanquished.

Vanquished Creatures (others)
  An orc wizard (D:10)
  A plant (D:5)
2 creatures vanquished.

Grand Total: 280 creatures vanquished

Notes
Turn   | Place    | Note
-------+----------+-------------------------------------------
     0 | D:1      | jjfam the Deep Dwarf Fighter began the quest for the Orb.
     0 | D:1      | Reached XP level 1. HP: 20/20 MP: 1/1
   150 | D:1      | Reached XP level 2. HP: 28/28 MP: 2/2
   225 | D:1      | Found a glowing golden altar of the Shining One.
   669 | D:2      | Reached XP level 3. HP: 30/34 MP: 3/3
   775 | D:2      | Noticed Sigmund
   775 | D:2      | Noticed Jessica
   796 | D:2      | Killed Jessica
   796 | D:2      | Reached XP level 4. HP: 27/44 MP: 2/2
   830 | D:2      | Killed Sigmund
   830 | D:2      | Reached skill level 1 in Dodging
   830 | D:2      | Reached XP level 5. HP: 30/50 MP: 3/3
   973 | D:2      | Found a shimmering altar of Xom.
   973 | D:2      | Found a shadowy altar of Dithmenos.
   974 | D:2      | Found a blossoming altar of Fedhas.
  1098 | D:2      | Found a hide-covered altar of Uskayaw.
  1195 | D:3      | Noticed Ijyb
  1209 | D:3      | Reached XP level 6. HP: 42/57 MP: 4/4
  1210 | D:3      | Killed Ijyb
  1344 | D:3      | Found a shattered altar of Ashenzari.
  1347 | D:3      | Found an opulent altar of Gozag.
  1348 | D:3      | Found a deep blue altar of Sif Muna.
  1437 | D:3      | Reached skill level 5 in Shields
  1966 | D:4      | Reached XP level 7. HP: 48/66 MP: 4/4
  1979 | D:4      | Reached skill level 5 in Axes
  1979 | D:4      | Reached skill level 1 in Evocations
  2061 | D:4      | Found a staircase to the Ecumenical Temple.
  2074 | Temple   | Entered the Ecumenical Temple
  2174 | Temple   | Became a worshipper of Makhleb the Destroyer
  2580 | D:4      | Found a sparkling altar of Nemelex Xobeh.
  2856 | D:5      | Entered Level 5 of the Dungeon
  2929 | D:5      | Reached XP level 8. HP: 45/73 MP: 3/5
  3076 | D:5      | Reached * piety under Makhleb
  3108 | D:5      | Reached skill level 5 in Armour
  3142 | D:5      | Found Fuefet's Armour Emporium.
  3187 | D:5      | Got an iridescent whip
  3188 | D:5      | Identified the +7 whip of Destruction {slash, rN+ Str-4 Stlth+} (You found it on level 5 of the Dungeon)
  3245 | D:5      | Reached skill level 5 in Fighting
  3518 | D:5      | Noticed Blork the orc
  3531 | D:5      | Killed Blork the orc
  3767 | D:6      | Reached skill level 1 in Maces & Flails
  3828 | D:6      | Reached ** piety under Makhleb
  3965 | D:6      | Found a sparkling altar of Nemelex Xobeh.
  3976 | D:6      | Gained mutation: You passively map the area around you. [Deep Dwarf growth]
  3976 | D:6      | Reached XP level 9. HP: 53/81 MP: 5/5
  4070 | D:6      | Found Pegrik's Gadget Shop.
  4720 | D:7      | Noticed a gargoyle
  4734 | D:7      | Killed a gargoyle
  4800 | D:7      | Got a smoking chain mail
  4811 | D:7      | Identified the +4 chain mail "Jarghyl" {rElec Str+5 Int-2} (You found it on level 7 of the Dungeon)
  5449 | D:7      | Noticed a white ugly thing
  5467 | D:7      | Killed a white ugly thing
  5488 | D:7      | Noticed a deep elf mage
  5491 | D:7      | Noticed an orange demon
  5493 | D:7      | Killed a deep elf mage
  5493 | D:7      | Reached XP level 10. HP: 63/92 MP: 3/3
  5514 | D:7      | Noticed a cyclops
  5536 | D:7      | HP: 1/94 [cyclops (16)]
  5549 | D:7      | Killed a cyclops
  5563 | D:7      | Identified Ihint's Grimoire of Ignition and Stones
  5915 | D:8      | Found a glowing silver altar of Zin.
  5970 | D:8      | Noticed Gastronok
  5991 | D:8      | Killed Gastronok
  6353 | D:8      | Noticed Joseph
  6375 | D:8      | Killed Joseph
  6385 | D:7      | Gained mutation: You have a pair of small antennae on your head. [potion of mutation]
  6385 | D:7      | Gained mutation: Scrolls take you a little longer to read. [potion of mutation]
  6385 | D:7      | Gained mutation: Your flesh is heat resistant. (rF+) [potion of mutation]
  6828 | D:8      | Reached skill level 10 in Shields
  6832 | D:8      | Reached XP level 11. HP: 60/103 MP: 1/1
  6867 | D:9      | Found a white marble altar of Elyvilon.
  7043 | D:9      | Noticed a two-headed ogre
  7092 | D:8      | Killed a two-headed ogre
  7260 | D:9      | Reached skill level 5 in Maces & Flails
  7367 | D:9      | Found a glowing golden altar of the Shining One.
  7371 | D:9      | Found an ancient bone altar of Kikubaaqudgha.
  7507 | D:10     | Entered Level 10 of the Dungeon
  7784 | D:10     | Reached *** piety under Makhleb
  7847 | D:10     | Found a staircase to the Orcish Mines.
  8089 | D:10     | Found Funela's Assorted Antiques.
  8218 | D:10     | Found a roughly hewn altar of Beogh.
  8295 | D:10     | Found a staircase to the Lair.
  8315 | D:10     | Reached skill level 10 in Armour
  8351 | D:10     | HP: 5/104 [orc priest/divine providence (12)]
  8701 | D:10     | HP: 1/104 [orc warrior/battleaxe (7)]
  8934 | D:10     | HP: 5/106 [electric eel/bolt of electricity (2)]
  9093 | D:11     | HP: 5/106 [killer bee (1)]
  9107 | D:11     | HP: 4/106 [killer bee (1)]
  9125 | D:11     | Slain by a killer bee

Vault maps used:
D:1:      minmay_arrival_five_plusses, tso_altar
D:2:      eat_drink_and_be_merry_uskayaw, gammafunk_temple_overflow_claw,
          grunt_ministairs_12, uniq_sigmund, uniq_jessica
D:3:      nicolae_overflow_hidden_temple, uniq_ijyb
D:4:      kennysheep_mini_moat, minmay_temple_entry_junction, first_ration
D:5:      black_bear_nest_2, serial_shops, nicolae_shop_statue_plus,
          saegor_snake_ambush, uniq_blork_the_orc
D:6:      serial_shops, kennysheep_mini, basic_altar, corexii_checkpoint_a
D:7:      minmay_the_grid_triangle_9x9_rhombus_full, serial_corexii_hall,
          corexii_hall_statues_u, corexii_hall_statues_s, corexii_hall_statues_l
D:8:      basic_altar, grunt_livestock, uniq_joseph, uniq_gastronok
D:9:      grunt_temple_overflow_open, old_standard_altar
D:10:     statuecave_lemuel, erik_lair_orcish_takeover,
          minmay_orc_entry_temple_small, serial_shops, shop
Temple:   jpeg_temple_clearing

Skill      XL: |  1  2  3  4  5  6  7  8  9 10 11 |
---------------+----------------------------------+-----
Fighting       | 3 4 5 6 8 9 |  9.1
Shields        | 4 5 6 7 8 10 | 10.9
Axes           | 3 4 6 7 8 |  8.5
Dodging        | 1 2 |  2.0
Armour         | 4 5 7 9 10 | 10.2
Evocations     | 1 |  1.5
Maces & Flails | 1 3 4 5 |  5.5
Stealth        | |  0.1

Action                   |  1- 3 |  4- 6 |  7- 9 | 10-12 || total
-------------------------+-------+-------+-------+-------++-------
Melee: War axe           |   106 |   155 |   190 |       ||   451
       Whip              |       |       |   216 |   385 ||   601
Invok: Lesser Servant of |       |       |       |     3 ||     3
 Abil: Heal Wounds       |     2 |     8 |     8 |     7 ||    25
       Evoke Berserk Rag |       |     1 |     2 |       ||     3
  Use: Scroll            |       |       |       |    12 ||    12
       Potion            |       |       |       |    14 ||    14
  Eat: Chunk             |       |     5 |    14 |    11 ||    30
Armor: Scale mail        |    49 |    38 |     2 |       ||    89
       Plate armour      |       |    73 |   174 |     9 ||   256
       Chain mail        |       |       |    27 |   186 ||   213
Dodge: Dodged            |    35 |    42 |    62 |   109 ||   248
       Deflected         |       |       |       |    13 ||    13
Block: Shield            |    76 |   129 |   183 |   291 ||   679

Table legend:
 A = Spawn XP
 B = Non-spawn XP
 C = Spawn XP percentage of total XP
 D = Spawn monster count
 E = Non-spawn monster count
 F = Spawn count percentage of total count
 G = Total turns spent on level
                    A         B        C        D         E        F      G
               +---------+---------+-------+---------+---------+-------+---------
         Total |       0 |   17623 |   0.0 |       0 |     278 |   0.0 |  9125
               +---------+---------+-------+---------+---------+-------+---------
           D:1 |       0 |      28 |   0.0 |       0 |      16 |   0.0 |   652
           D:2 |       0 |     346 |   0.0 |       0 |      23 |   0.0 |   543
           D:3 |       0 |     287 |   0.0 |       0 |      30 |   0.0 |   656
           D:4 |       0 |     630 |   0.0 |       0 |      28 |   0.0 |   894
           D:5 |       0 |    1028 |   0.0 |       0 |      34 |   0.0 |   877
           D:6 |       0 |     631 |   0.0 |       0 |      16 |   0.0 |   644
           D:7 |       0 |    4000 |   0.0 |       0 |      25 |   0.0 |  1583
           D:8 |       0 |    5611 |   0.0 |       0 |      26 |   0.0 |  1135
           D:9 |       0 |    1613 |   0.0 |       0 |      19 |   0.0 |   629
          D:10 |       0 |    2608 |   0.0 |       0 |      48 |   0.0 |  1292
          D:11 |       0 |     841 |   0.0 |       0 |      13 |   0.0 |   109
               +---------+---------+-------+---------+---------+-------+---------
